 Dungeon Crawl Stone Soup version 0.31-a0-161-gb58dd9be76 (webtiles) character file.

Game seed: 14157244654727578152

538404 frimble the Peltast (level 25, -8/231 HPs)
             Began as an Octopode Warper on June 12, 2023.
             Was the Champion of Cheibriados.
             Killed by a royal mummy's death curse (32 damage)
             ... on level 6 of a ziggurat.
             The game lasted 01:46:13 (64855 turns).

frimble the Peltast (Octopode Warper)              Turns: 64855, Time: 01:46:13

Health: -8/231     AC: 47    Str: 42    XL:     25   Next: 89%
Magic:  6/38       EV: 33    Int: 35    God:    Cheibriados [******]
Gold:   2563       SH: 30    Dex: 37    Spells: 17/47 levels left

rFire   + .          .
                       - Unarmed
rCold   + . .        e - +5 kite shield {AC+3}
rNeg    + . .        L - +2 hat
rPois   ∞            W - amulet of reflection
rElec   +            K - ring "Ifisy" {+Blink AC+4 Str+6 Dex-2}
rCorr   +            g - ring of the Establishment {rF+ EV+5 Str+5 Int-3}
SInv    .            Y - ring "Veut Pui" {rPois Will+ Dex+4}
Will    +++..        l - +4 ring of protection
Stlth   ++++++       t - +4 ring of protection
HPRegen 0.58/turn    P - ring "Cimi Hym" {rCorr Int+4 Dex+6}
MPRegen 0.26/turn    U - ring of willpower
                     T - ring of protection from cold

%: reflection
@: statue-form, very slightly contaminated, studying 3 skills, very slow
A: slow and powerful, torment resistance 1, boosted hp, almost no armour,
amphibious, 8 rings, camouflage 1, (gelatinous body 1), (nimble swimmer 1),
tentacles
}: 3/15 runes: decaying, serpentine, silver
a: End Transformation, Renounce Religion, Evoke Blink, Bend Time, Temporal
Distortion, Slouch, Step From Time


You were on level 6 of a ziggurat.
You worshipped Cheibriados.
Cheibriados was exalted by your worship.
You were a living statue of rough stone.
You visited 9 branches of the dungeon, and saw 43 of its levels.
You visited 1 ziggurat, and saw 6 of its levels.
You also visited: Ossuary, Bailey, Gauntlet and Ice Cave.

You collected 10064 gold pieces.
You spent 7501 gold pieces at shops.

Inventory:

Missiles
 G - 5 throwing nets
 M - 6 silver javelins
 R - 11 javelins
Armour
 e - a +5 kite shield of protection (worn)
 L - a +2 hat (worn)
Jewellery
 g - the ring of the Establishment (right tentacle) {rF+ EV+5 Str+5 Int-3}
   (You bought it in a shop on level 2 of the Orcish Mines)

   [ring of evasion]

   EV:        It affects your evasion (+5).
   Str:       It affects your strength (+5).
   Int:       It affects your intelligence (-3).
   rF:        It protects you from fire.
 k - the ring of the Seven People {Ice rElec SInv}
   (You took it off a deep elf death mage on level 3 of the Elven Halls)

   [ring of ice]

   It enhances your ice magic.
   rF:        It makes you vulnerable to fire.
   rC:        It protects you from cold.
   rElec:     It insulates you from electricity.
   SInv:      It lets you see invisible.
 l - a +4 ring of protection (on tentacle)
 t - a +4 ring of protection (on tentacle)
 D - the ring "Bosycat" {*Slow +Blink Will+ rCorr Str+2}
   (You found it on level 2 of the Depths)

   [ring of willpower]

   Str:       It affects your strength (+2).
   +Blink:    It lets you blink.
   rCorr:     It protects you from acid and corrosion.
   *Slow:     It may slow you when you take damage.
   Will:      It increases your willpower.
 H - the ring "Wuarhul" {rN+ Dex+8 Slay-2 SInv}
   (You found it in an ice cave)

   [ring of positive energy]

   Dex:       It affects your dexterity (+8).
   Slay:      It affects your accuracy & damage with ranged weapons and melee
   (-2).
   rN:        It protects you from negative energy.
   SInv:      It lets you see invisible.
 K - the ring "Ifisy" (left tentacle) {+Blink AC+4 Str+6 Dex-2}
   (You bought it in a shop on level 2 of the Orcish Mines)

   [ring of protection]

   AC:        It affects your AC (+4).
   Str:       It affects your strength (+6).
   Dex:       It affects your dexterity (-2).
   +Blink:    It lets you blink.
 P - the ring "Cimi Hym" (on tentacle) {rCorr Int+4 Dex+6}
   (You took it off a deep elf high priest on level 3 of the Elven Halls)

   [ring of dexterity]

   Int:       It affects your intelligence (+4).
   Dex:       It affects your dexterity (+6).
   rCorr:     It protects you from acid and corrosion.
 T - a ring of protection from cold (on tentacle)
 U - a ring of willpower (on tentacle)
 V - the ring of Uleunov {Ice Dex+4 Stlth+}
   (You took it off Josephina on level 2 of the Depths)

   [ring of ice]

   It enhances your ice magic.
   Dex:       It affects your dexterity (+4).
   rF:        It makes you vulnerable to fire.
   rC:        It protects you from cold.
   Stlth:     It makes you more stealthy.
 W - an amulet of reflection (around mantle)
 Y - the ring "Veut Pui" (on tentacle) {rPois Will+ Dex+4}
   (You found it on level 5 of the Lair of Beasts)

   [ring of poison resistance]

   Dex:       It affects your dexterity (+4).
   rPois:     It protects you from poison.
   Will:      It increases your willpower.
Wands
 n - a wand of mindburst (35)
 y - a wand of roots (80)
 N - a wand of digging (12)
 O - a wand of charming (33)
 S - a wand of acid (24)
Scrolls
 a - 3 scrolls of blinking
 j - 19 scrolls of teleportation
 o - 15 scrolls of amnesia
 r - 3 scrolls of immolation
 v - 23 scrolls of identify
 w - 8 scrolls of fear
 B - 5 scrolls of vulnerability
 E - 9 scrolls of fog
 I - 3 scrolls of butterflies
 Q - 4 scrolls of revelation
 X - a scroll of silence
 Z - 3 scrolls of poison
Potions
 c - 12 potions of attraction
 d - 10 potions of resistance
 f - 13 potions of might
 h - 10 potions of enlightenment
 i - 19 potions of curing
 m - 2 potions of magic
 p - 9 potions of cancellation
 q - 2 potions of ambrosia
 s - 7 potions of invisibility
 u - 12 potions of mutation
 z - 7 potions of lignification
 C - 2 potions of heal wounds
 J - a potion of brilliance
Miscellaneous
 b - a lightning rod (4/4)
 x - a sack of spiders
 A - a phial of floods
 F - a condenser vane


   Skills:
 + Level 16.3 Fighting
 - Level 2.0 Throwing
 + Level 11.8 Dodging
 - Level 8.1 Stealth
 - Level 19.0 Shields
 + Level 15.9 Unarmed Combat
 + Level 11.7 Spellcasting
 - Level 6.1 Translocations
 - Level 13.0 Transmutations
 - Level 19.0 Fire Magic
 + Level 14.4 Earth Magic
 + Level 16.3 Invocations
 + Level 14.3 Evocations


You had 17 spell levels left.
You knew the following spells:

 Your Spells              Type           Power      Damage    Failure   Level
a - Blink                 Tloc           100%       N/A       1%          2
b - Gell's Gravitas       Tloc           59%        N/A       1%          3
c - Ignition              Fire           50%        3d14      6%          8
d - Statue Form           Tmut/Erth      57%        N/A       1%          6
e - Passwall              Tmut/Erth      71%        N/A       0%          2
f - Shatter               Erth           44%        3d34*     99%         9

Your spell library contained the following spells:

 Spells                   Type           Power      Damage    Failure   Level
 Beastly Appendage        Tmut           100%       N/A       0%          1
 Sandblast                Erth           100%       2d20      0%          1
 Foxfire                  Conj/Fire      100%       2x1d9     1%          1
 Lesser Beckoning         Tloc           100%       N/A       1%          2
 Wereblood                Tmut           84%        N/A       1%          2
 Ignite Poison            Fire/Tmut/Pois 76%        N/A       1%          3
 Portal Projectile        Hex/Tloc       84%        N/A       1%          3
 Spider Form              Tmut/Pois      60%        N/A       1%          3
 Stone Arrow              Conj/Erth      100%       3d13      1%          3
 Teleport Other           Tloc           59%        N/A       1%          3
 Vhi's Electric Charge    Tloc/Air       84%        N/A       1%          3
 Volatile Blastmotes      Fire/Tloc      100%       2d18      1%          3
 Ice Form                 Ice/Tmut       60%        N/A       1%          4
 Leda's Liquefaction      Hex/Erth       31%        N/A       1%          4
 Manifold Assault         Tloc           59%        N/A       1%          4
 Petrify                  Tmut/Erth      86%        N/A       1%          4
 Sticky Flame             Conj/Fire      72%        2d9       1%          4
 Blade Hands              Tmut           42%        N/A       1%          5
 Fireball                 Conj/Fire      36%        3d15      1%          5
 Freeze                   Ice            80%        1d9       2%          1
 Kiss of Death            Conj/Necr      80%        2d11      2%          1
 Magic Dart               Conj           80%        1d7       2%          1
 Summon Small Mammal      Summ           80%        N/A       2%          1
 Call Imp                 Summ           40%        N/A       3%          2
 Cigotuvi's Dreadful Rot  Necr/Pois/Air  40%        N/A       3%          2
 Ensorcelled Hibernation  Hex/Ice        40%        N/A       3%          2
 Poisonous Vapours        Pois/Air       40%        N/A       3%          2
 Searing Ray              Conj           40%        2d5       3%          2
 Sublimation of Blood     Necr           20%        N/A       3%          2
 Irradiate                Conj/Tmut      30%        3d21      4%          5
 Call Canine Familiar     Summ           20%        N/A       7%          3
 Confusing Touch          Hex            20%        N/A       7%          3
 Hailstorm                Conj/Ice       20%        3d6       7%          3
 Mephitic Cloud           Conj/Pois/Air  20%        N/A       7%          3
 Summon Guardian Golem    Hex/Summ       20%        N/A       7%          3
 Tukima's Dance           Hex            20%        N/A       7%          3
 Iskenderun's Mystic Bla  Conj/Tloc      42%        2d10      7%          4
 Plasma Beam              Fire/Air       36%        2x1d49    8%          6
 Starburst                Conj/Fire      36%        6d11      8%          6
 Dragon Form              Tmut           42%        N/A       10%         7
 Anguish                  Hex/Necr       10%        N/A       24%         4
 Cause Fear               Hex            10%        N/A       24%         4
 Dispel Undead            Necr           20%        3d11      24%         4
 Fulminant Prism          Conj/Hex       10%        3d8       24%         4
 Summon Ice Beast         Ice/Summ       20%        N/A       24%         4
 Summon Lightning Spire   Summ/Air       20%        N/A       24%         4
 Dispersal                Tloc           29%        N/A       28%         6
 Freezing Cloud           Conj/Ice/Air   10%        6-21      54%         5
 Iskenderun's Battlesphe  Conj           20%        2d7       54%         5
 Metabolic Englaciation   Hex/Ice        10%        N/A       54%         5
 Summon Mana Viper        Hex/Summ       20%        N/A       54%         5
 Storm Form               Tmut/Air       30%        N/A       80%         7
 Conjure Ball Lightning   Conj/Air       10%        3x3d6     98%         6
 Simulacrum               Ice/Necr       10%        N/A       98%         6
 Enfeeble                 Hex            10%        N/A       100%        7
 Monstrous Menagerie      Summ           10%        N/A       100%        7
 Orb of Destruction       Conj           10%        9d6       100%        7
 Disjunction              Tloc           29%        N/A       100%        8
 Summon Horrible Things   Summ           10%        N/A       100%        8
 Chain Lightning          Conj/Air       10%        3d13      100%        9
 Fire Storm               Conj/Fire      36%        8d9       100%        9
 Animate Armour           Summ/Erth      Unusable   N/A       N/A         4

Dungeon Overview and Level Annotations

Branches:
Dungeon (15/15)            Temple (1/1) D:6            Lair (5/5) D:8
  Swamp (4/4) Lair:3        Snake (4/4) Lair:2        Slime (0/5) Lair:5
    Orc (2/2) D:11            Elf (3/3) Orc:2        Vaults (5/5) D:14
  Crypt (0/3) Vaults:2     Depths (4/4) D:15            Zot (0/5) Depths:4
Ossuary (visited)          Bailey (visited)           IceCv (visited)
Gauntlet (visited)

Altars:
Ashenzari
Cheibriados
Dithmenos
Elyvilon
Gozag
Hepliaklqana
Kikubaaqudgha
Nemelex Xobeh
Okawaru
Qazlal
Sif Muna
Trog
Uskayaw
Vehumet
Xom
Yredelemnul
The Shining One
Jiyva
Lugonu

Shops:
D:4 [   D:8 ((=   Orc:1 (   Orc:2 ([=*?*   Elf:1 ?   Elf:2 :   Snake:1 !
Snake:2 :[:   Snake:3 :*   Snake:4 =**[   Vaults:2 ?   Vaults:4 [   Vaults:5 ?
Depths:2 !   Depths:3 ***

Portals:
Hell: Depths:1 Depths:2 Depths:3 Depths:4
Abyss: Lair:5 Depths:3
Pandemonium: Depths:2

Annotations:
D:7 2 transporters, Leavold's ghost, novice TeAE
D:12 Rupert
D:13 3 runed translucent doors, SkeletonJelly's ghost, journeyman DsRe; pokeman's ghost, journeyman DEHW
Lair:1 exclusion: oklob plant
Lair:4 exclusion: 2 oklob plants
Snake:2 2 transporters, exclusion: orange crystal statue
Elf:2 3 runed translucent doors
Depths:1 1 transporter


Innate Abilities, Weirdness & Mutations

You are a living statue of rough stone.
Your actions are slow, but your melee attacks are powerful.
You are resistant to unholy torment.
Your maximum health is greatly increased.
You are immune to poison.
You cannot wear most types of armour.
You are amphibious.
You can wear up to eight rings at the same time.
Your skin changes colour to match your surroundings (Stealth+).
((Your rubbery body absorbs attacks. (AC +1, EV +1)))
((You are camouflaged when in or above water. (Stealth+)))
You have tentacles for arms and can constrict up to eight enemies at once.


Message History

Cheibriados appreciates the change of pace.
The emperor scorpion disappears in a puff of smoke! x3
The death scarab disappears in a puff of smoke!
The emperor scorpion disappears in a puff of smoke!
The death scarab disappears in a puff of smoke!
The emperor scorpion disappears in a puff of smoke! x2
The fireball engulfs the storm dragon skeleton!!
You destroy the storm dragon skeleton!
Cheibriados thoroughly appreciates the change of pace.
The fireball engulfs the emperor scorpion!
The emperor scorpion is lightly wounded.
The fireball engulfs the emperor scorpion!
The emperor scorpion is lightly wounded.
The fireball engulfs the royal mummy.
The royal mummy is almost destroyed.
You feel extremely nervous for a moment...
Your body is wracked with pain!
* * * LOW HITPOINT WARNING * * *
You feel yourself speed up.
The royal mummy calls on the powers of darkness!
The emperor scorpion convulses! x2; Your body is wracked with pain!
* * * LOW HITPOINT WARNING * * *
Aiming: Corrosive Bolt
Press: ? - help, Shift-Dir - straight line, f - royal mummy
Aim: a royal mummy (almost destroyed, 89% to hit)
The bolt of acid misses the royal mummy.
You block the emperor scorpion's attack. x3
The royal mummy gestures at you while chanting.
Something smites you!
* * * LOW HITPOINT WARNING * * *
The emperor scorpion misses you.
You block the emperor scorpion's attack.
The emperor scorpion completely misses you.
You batter the royal mummy!!
You destroy the royal mummy!
Cheibriados thoroughly appreciates the change of pace.
The emperor scorpion disappears in a puff of smoke! x2
You feel extremely nervous for a moment...
Pain shoots through your body!!
You die...

▓▓▓▓▓▓▓▓▓
▓.......▓
▓▓▓▓.......▓▓▓▓
▓.............▓
▓/?.....8.....▓
▓∩?/...§§.....▓
▓>)[.........∩▓
▓∩[(..........▓
▓)............▓
▓.............▓
▓▓▓▓.......▓▓▓▓
▓.......▓
▓▓▓▓▓▓


There were no monsters in sight!

Vanquished Creatures
  A dread lich (Vaults:5)
  2 ancient liches
  Josephina (Depths:2)
  2 royal mummies (Zig:6)
  Vashnia (Snake:2)
  Bai Suzhen (Depths:1)
  2 golden dragons
  The ghost of Tourr the Warrior, a veteran HuIE of Zin (Depths:1)
  Saint Roka (Elf:3)
  the Enchantress (Depths:1)
  A bone dragon (Vaults:2)
  9 tentacled monstrosities
  A Hell Sentinel (Zig:4)
  6 liches
  A deep elf blademaster (Elf:3)
  2 quicksilver dragons
  A deep elf master archer (Elf:3)
  Asterion (Snake:4)
  3 titans
  The ghost of Tiex the Brawler, an adept TrFi of Okawaru (Swamp:4)
  2 acid blobs (Depths:2)
  The ghost of Vioczuc the Bludgeoner, an adept TrCK of Xom (Swamp:3)
  9 tengu reavers
  10 shadow dragons
  7 sphinxes
  Kirke (Snake:1)
  A draconian monk (Depths:4)
  9 fire giants
  Donald (Snake:4)
  4 azure jellies (Depths:2)
  A fenstrider witch (Swamp:2)
  5 nagarajas (Snake:4)
  3 storm dragons (Vaults:5)
  13 frost giants
  19 vault wardens
  2 iron dragons (Vaults:5)
  A balrug (Depths:2)
  Louise (D:15)
  9 deep elf elementalists
  Aizul (Snake:3)
  5 deep elf sorcerers
  A draconian shifter (Depths:4)
  25 ironbound preservers
  A ghoul (Zig:2)
  2 ghost moths (Vaults:2)
  3 cacodemons (Depths:1)
  3 orc warlords
  2 war gargoyles
  A quicksilver ooze (shapeshifter) (Vaults:2)
  16 stone giants
  A draconian stormcaller (Depths:4)
  27 very ugly things
  A formless jellyfish (Vaults:2)
  3 spriggan defenders (Depths:1)
  6 ironbound thunderhulks
  5 eleionomae
  A green draconian (Depths:4)
  A bunyip (Swamp:3)
  6 deep elf demonologists
  Azrael (D:15)
  A red draconian (Depths:4)
  A black draconian (Depths:4)
  A vampire knight (Depths:2)
  4 yellow draconians
  A bunyip (shapeshifter) (Vaults:5)
  8 deep elf annihilators
  A minotaur (Gauntlet)
  12 spark wasps (Depths:4)
  4 crystal guardians
  12 deep elf death magi
  A merfolk javelineer (Depths:1)
  11 ettins
  10 fire dragons
  2 iron golems (Zig:4)
  18 yaktaur captains
  2 mummy priests (Zig:6)
  3 jiangshi (Depths:4)
  3 entropy weavers
  19 hydras
  11 deep elf high priests
  4 great orbs of eyes
  A shambling mangrove (Swamp:4)
  11 ice dragons
  39 vault guards
  3 peacekeepers
  Erolcha (D:12)
  2 caustic shrike simulacra
  4 ghost crabs
  4 rakshasas
  A salamander tyrant (Snake:4)
  3 ogre magi
  8 spriggan air magi
  9 centaur warriors
  20 anacondas
  9 deep troll shamans
  12 two-headed ogres
  10 dancing weapons
  8 ironbound frosthearts
  A death knight (D:13)
  3 catoblepae
  5 boulder beetles
  22 naga warriors
  6 alligators
  2 death yaks (Lair:4)
  2 death scarabs (Gauntlet)
  9 deep troll earth magi
  6 tengu warriors
  3 thrashing horrors (Lair:5)
  19 naga sharpshooters
  4 vampire magi
  5 orc high priests
  7 shock serpents
  7 spriggan berserkers
  A crystal echidna (Zig:4)
  11 deep elf knights
  14 hell knights
  2 skysharks
  Nergalle (D:10)
  A fire crab (shapeshifter) (D:13)
  5 sea snakes (Snake:3)
  A storm dragon skeleton (Zig:6)
  9 iron trolls
  5 goliath frogs
  2 salamander mystics (Snake:4)
  A shadow wraith (Zig:2)
  3 skeletal warriors (D:15)
  A swamp dragon (shapeshifter) (Zig:1)
  2 flayed ghosts (Depths:1)
  3 glowing orange brains
  13 naga ritualists
  57 deep trolls
  An obsidian statue (IceCv)
  5 spriggan druids
  A spectral hydra (Swamp:3)
  A lindwurm (shapeshifter) (Vaults:3)
  2 spriggan simulacra (IceCv)
  A steelbarb worm (shapeshifter) (Vaults:5)
  11 swamp dragons
  3 harpies (Vaults:5)
  7 necromancers
  Pikel (D:6)
  16 deep elf archers
  13 bog bodies
  18 orc knights
  20 deep elf pyromancers
  5 phantasmal warriors
  9 lindwurms
  7 wizards
  25 deep elf zephyrmancers
  13 mana vipers
  22 ironbound convokers
  35 ugly things
  A manticore (D:15)
  5 cyclopes
  A faun (shapeshifter) (Vaults:5)
  5 will-o-the-wisps
  6 orc sorcerers
  21 salamanders
  A worldbinder (Gauntlet)
  A moth of wrath (shapeshifter) (Vaults:5)
  Maurice (D:11)
  14 elephants
  8 guardian serpents
  A stone giant skeleton (Vaults:2)
  19 vault sentinels
  25 naga magi
  Joseph (D:8)
  A water nymph (shapeshifter) (Depths:1)
  An eye of devastation (shapeshifter) (Zig:1)
  42 black mambas
  2 smoke demons
  A cane toad (shapeshifter) (Lair:5)
  4 gargoyles
  16 cane toads
  2 torpor snails
  A storm dragon simulacrum (Vaults:2)
  9 komodo dragons
  2 kobold demonologists (D:9)
  A rime drake (Lair:1)
  17 yaktaurs
  19 freezing wraiths
  9 tengu conjurers
  3 ice devils
  An elf skeleton (Vaults:2)
  A tormentor (Vaults:5)
  A guardian mummy (Zig:6)
  An anaconda simulacrum (IceCv)
  2 golden dragon simulacra (IceCv)
  9 trolls
  A hellwing (Depths:2)
  A merfolk (shapeshifter) (Vaults:4)
  3 bloated husks
  2 ancient zymes (Lair:5)
  20 blink frogs
  8 tyrant leeches
  A tyrant leech (shapeshifter) (D:14)
  9 hornets
  Prince Ribbit (D:5)
  4 dream sheep (Lair:5)
  A spectral black mamba (Gauntlet)
  36 slime creatures
  An iron dragon simulacrum (Depths:2)
  A fire giant simulacrum (Depths:2)
  A jumping spider (shapeshifter) (Lair:5)
  3 ynoxinuls (Lair:5)
  14 spriggans
  6 flying skulls (Gauntlet)
  5 wraiths
  6 water elementals
  A vampire (D:12)
  An air elemental (Elf:1)
  A shadow (D:11)
  7 wyverns
  7 dire elephant simulacra (IceCv)
  An ushabti (Zig:6)
  3 golden eyes (Depths:2)
  9 fire elementals
  26 yaks
  A human (D:14)
  A neqoxec (Depths:2)
  3 large abominations (Lair:5)
  A hog (shapeshifter) (Vaults:5)
  9 basilisks
  2 minotaur simulacra (IceCv)
  3 redbacks (Vaults:4)
  19 vampire mosquitoes
  A warg (shapeshifter) (Depths:1)
  2 harpy simulacra (IceCv)
  12 swamp worms
  Menkaure (D:6)
  11 wargs
  A spectral cane toad (Gauntlet)
  47 nagas
  14 water moccasins
  A water moccasin (shapeshifter) (Depths:1)
  4 hell hounds (D:15)
  3 hydra simulacra
  2 floating eyes (Depths:1)
  Duvessa (D:5)
  55 orc warriors
  A glowing shapeshifter skeleton (Zig:6)
  3 alligator simulacra (IceCv)
  3 sky beasts
  A black bear (D:6)
  2 human zombies (Vaults:4)
  3 ice beasts (D:6)
  4 swamp drakes (Swamp:4)
  16 ogres
  8 centaurs
  An ogre (shapeshifter) (Depths:1)
  A boggart (Gauntlet)
  5 lemures
  A phantom (D:7)
  5 wolves (Lair:1)
  2 kobold brigands (D:9)
  11 bullfrogs
  3 gnoll sergeants
  4 earth elementals
  3 human skeletons (Vaults:2)
  4 scorpions
  Dowan (D:5)
  3 killer bees (D:7)
  3 lindwurm simulacra (IceCv)
  8 small abominations (Lair:5)
  12 electric eels
  3 howler monkeys
  2 jellies
  Crazy Yiuf (D:4)
  28 orc priests
  A gnoll bouda (Orc:1)
  A sleepcap (D:8)
  4 iguanas
  4 hell rats (Lair:3)
  22 orc wizards
  Natasha (thrice) (D:4)
  10 mummies
  20 gnolls
  5 adders
  A river rat (shapeshifter) (Depths:1)
  3 white imps
  3 ufetubi
  3 worms (shapeshifter) (Depths:1)
  4 worms
  111 orcs
  6 endoplasms
  A giant cockroach (D:1)
  8 goblins
  3 hobgoblins
  A jackal (D:4)
  5 quokkas
  7 ball pythons
  8 bats
  4 frilled lizards (D:1)
  2 gnoll zombies (Ossuary)
  A hobgoblin zombie (Ossuary)
  9 kobolds
  4 kobold zombies (Ossuary)
  An orc zombie (Ossuary)
  3 rats
  2 foxfires (Swamp:4)
2004 creatures vanquished.

Vanquished Creatures (collateral kills)
  An oklob plant (Lair:4)
  2 naga magi (Snake:2)
  A black mamba (Snake:2)
  3 nagas (Snake:2)
7 creatures vanquished.

Vanquished Creatures (others)
  A deep elf annihilator (Vaults:5)
  A deep elf high priest (Elf:3)
  2 hydras (Swamp:3)
  A spectral bunyip (Swamp:3)
  A skyshark (Lair:4)
  An iron troll (shapeshifter) (D:14)
  A swamp dragon (Swamp:3)
  A wizard (Vaults:2)
  A deep elf pyromancer (Elf:1)
  A spectral spriggan (Swamp:3)
  A tengu conjurer (D:15)
  A spark wasp simulacrum (Depths:2)
  A tyrant leech (Swamp:3)
  3 bloated husks (Swamp:2)
  3 humans (Snake:1)
  A fire elemental (Zig:5)
  A naga (Snake:3)
  An iguana (D:7)
  2 orc wizards
  19 foxfires
44 creatures vanquished.

Grand Total: 2055 creatures vanquished

Notes
Turn   | Place    | Note
-------+----------+-------------------------------------------
     0 | D:1      | frimble the Octopode Warper began the quest for the Orb.
     0 | D:1      | Reached XP level 1. HP: 14/14 MP: 3/3
   208 | D:1      | Reached XP level 2. HP: 11/19 MP: 5/5
   726 | D:2      | Found a faded altar of an unknown god.
   988 | D:2      | Reached XP level 3. HP: 9/24 MP: 6/6
  1865 | D:3      | Found an iron altar of Okawaru.
  1958 | D:2      | Reached XP level 4. HP: 24/29 MP: 7/7
  2057 | D:3      | Reached XP level 5. HP: 27/34 MP: 8/8
  2131 | D:3      | Found a shimmering altar of Xom.
  2408 | D:4      | Reached skill level 5 in Unarmed Combat
  2467 | D:4      | Found a runed translucent door.
  2468 | D:4      | Noticed Crazy Yiuf
  2586 | D:4      | Noticed Natasha
  2595 | D:4      | Killed Natasha
  2598 | D:4      | Noticed Natasha
  2604 | D:4      | Killed Natasha
  2664 | D:4      | Noticed Natasha
  2672 | D:4      | Killed Natasha
  2673 | D:4      | Reached XP level 6. HP: 33/39 MP: 9/9
  2697 | D:4      | Found Jowum's Armour Shoppe.
  2712 | D:4      | Learned a level 2 spell: Blink
  2960 | D:4      | Reached skill level 1 in Stealth
  2982 | D:4      | Reached XP level 7. HP: 45/45 MP: 10/10
  3499 | D:5      | Entered Level 5 of the Dungeon
  3516 | D:5      | Noticed Grinder
  3523 | D:5      | Grinder changed into Grinder the lemure
  3523 | D:5      | Noticed Grinder
  3530 | D:5      | Killed Grinder the lemure
  3713 | D:5      | Found a sand-covered staircase.
  3722 | Ossuary  | Entered an ossuary
  3755 | Ossuary  | Learned a level 3 spell: Gell's Gravitas
  4078 | D:5      | Noticed Prince Ribbit
  4086 | D:5      | Killed Prince Ribbit
  4087 | D:5      | Reached XP level 8. HP: 35/54 MP: 11/11
  4201 | D:5      | Reached skill level 5 in Stealth
  4217 | D:5      | Noticed Dowan
  4257 | D:5      | Reached skill level 5 in Fighting
  4341 | D:4      | Killed Crazy Yiuf
  4447 | D:4      | Identified the +4 hammer "Poecial" {flame, rPois Will+
                  | Int+3}
  4557 | D:5      | Noticed Duvessa
  4822 | D:5      | Found a sparkling altar of Nemelex Xobeh.
  5396 | D:5      | Killed Duvessa
  5401 | D:5      | Killed Dowan
  5616 | D:6      | Reached XP level 9. HP: 57/61 MP: 14/14
  5811 | D:5      | Reached skill level 5 in Translocations
  6349 | D:6      | Noticed Pikel
  6709 | D:6      | Found a staircase to the Ecumenical Temple.
  6739 | Temple   | Entered the Ecumenical Temple
  6807 | Temple   | Became a worshipper of Cheibriados the Contemplative
  6839 | D:6      | Noticed Menkaure
  6854 | D:6      | Killed Menkaure
  7077 | D:6      | Killed Pikel
  7078 | D:6      | Reached skill level 5 in Spellcasting
  7245 | D:7      | Found a transporter.
  7264 | D:7      | Reached skill level 1 in Invocations
  7264 | D:7      | Reached skill level 1 in Evocations
  7264 | D:7      | Reached XP level 10. HP: 57/71 MP: 17/17
  7342 | D:7      | Noticed Leavold's ghost (novice TeAE)
  7776 | D:7      | Reached * piety under Cheibriados
  7859 | D:7      | Found a transporter.
  8013 | D:7      | Found a stormy altar of Qazlal.
  8177 | D:7      | Found a shadowy altar of Dithmenos.
  8320 | D:8      | Found Biomnaf's Weapon Shop.
  8380 | D:8      | Found Inomyhigg's Antique Weapon Boutique.
  8428 | D:8      | Found a glowing golden altar of the Shining One.
  8448 | D:8      | Found a white marble altar of Elyvilon.
  8459 | D:8      | Found a radiant altar of Vehumet.
  8483 | D:8      | Noticed Joseph
  8497 | D:8      | Killed Joseph
  8601 | D:8      | Found Xesk's Jewellery Boutique.
  8618 | D:8      | Bought a +4 ring of protection for 576 gold pieces
  8766 | D:8      | Found a staircase to the Lair.
  9434 | D:9      | Noticed a kobold demonologist
  9435 | D:9      | Noticed a kobold demonologist
  9442 | D:9      | Killed a kobold demonologist
  9445 | D:9      | Noticed a sixfirhy
  9448 | D:9      | Killed a kobold demonologist
  9626 | D:9      | Reached skill level 5 in Dodging
 10061 | D:10     | Entered Level 10 of the Dungeon
 10203 | D:10     | Found a flagged portal.
 10211 | Bailey   | Entered a bailey
 10218 | Bailey   | Reached ** piety under Cheibriados
 10464 | Bailey   | Noticed an orc knight
 10474 | Bailey   | Killed an orc knight
 10475 | Bailey   | Reached XP level 11. HP: 74/78 MP: 18/18
 10798 | D:10     | Reached skill level 5 in Evocations
 11065 | D:10     | Reached skill level 5 in Invocations
 11230 | D:10     | Noticed Nergalle
 11243 | D:10     | Killed Nergalle
 11436 | D:10     | Found a hazy altar of Hepliaklqana.
 11474 | D:10     | Noticed a two-headed ogre
 11495 | D:10     | Killed a two-headed ogre
 12382 | D:11     | Noticed a purple ugly thing
 12393 | D:11     | Killed a purple ugly thing
 12398 | D:11     | HP: 1/78 [orc warrior/arrow (17)]
 12481 | D:11     | Noticed a cyclops
 12493 | D:11     | Killed a cyclops
 12854 | D:11     | Reached *** piety under Cheibriados
 13586 | D:11     | Noticed Maurice
 13596 | D:11     | Killed Maurice
 13648 | D:11     | Noticed a two-headed ogre
 13694 | D:11     | Killed a two-headed ogre
 13774 | D:11     | Noticed a boulder beetle
 13803 | D:11     | Killed a boulder beetle
 14061 | D:11     | Reached **** piety under Cheibriados
 14431 | D:11     | Found a staircase to the Orcish Mines.
 14591 | D:12     | Noticed Erolcha
 14647 | Lair:1   | Entered Level 1 of the Lair of Beasts
 14660 | Lair:1   | Reached XP level 12. HP: 70/85 MP: 19/19
 14804 | Lair:1   | Reached skill level 5 in Shields
 14921 | Lair:1   | Found a gate leading to a gauntlet.
 14936 | Gauntlet | Entered a Gauntlet
 14936 | Gauntlet | Noticed a soul eater
 14936 | Gauntlet | Found a transporter.
 14936 | Gauntlet | Found a transporter.
 14936 | Gauntlet | Found a transporter.
 15109 | Gauntlet | Found a transporter.
 15112 | Gauntlet | Found a transporter.
 15120 | Gauntlet | Found a transporter.
 15123 | Gauntlet | Found a transporter.
 15125 | Gauntlet | Noticed a death scarab
 15126 | Gauntlet | Noticed a death scarab
 15139 | Gauntlet | Found a transporter.
 15145 | Gauntlet | Found a large runed translucent door.
 15146 | Gauntlet | Found a large runed translucent door.
 15147 | Gauntlet | Found a large runed translucent door.
 15147 | Gauntlet | Found a large runed translucent door.
 15147 | Gauntlet | Noticed a ghost crab
 15148 | Gauntlet | Found a runed translucent gate.
 15149 | Gauntlet | Found a transporter.
 15149 | Gauntlet | Found a runed translucent gate.
 15150 | Gauntlet | Found a large runed translucent door.
 15150 | Gauntlet | Found a large runed translucent door.
 15150 | Gauntlet | Found a runed translucent door.
 15151 | Gauntlet | Found a large runed translucent door.
 15152 | Gauntlet | Found a large runed translucent door.
 15154 | Gauntlet | Found a transporter.
 15157 | Gauntlet | Found a transporter.
 15168 | Gauntlet | Found a transporter.
 15218 | Gauntlet | Found a large runed translucent door.
 15219 | Gauntlet | Found a large runed translucent door.
 15220 | Gauntlet | Found a large runed translucent door.
 15220 | Gauntlet | Found a large runed translucent door.
 15220 | Gauntlet | Found a runed translucent door.
 15221 | Gauntlet | Found a large runed translucent door.
 15222 | Gauntlet | Found a large runed translucent door.
 15223 | Gauntlet | Found a large runed translucent door.
 15223 | Gauntlet | Found a large runed translucent door.
 15224 | Gauntlet | Found a runed translucent gate.
 15472 | Gauntlet | Killed a death scarab
 15486 | Gauntlet | Killed a death scarab
 15652 | Gauntlet | Identified the +4 fire dragon scales of Sorcery {rPois rF++
                  | rC- Will- rCorr}
 15652 | Gauntlet | Noticed a minotaur
 15684 | Gauntlet | Killed a minotaur
 15689 | Gauntlet | Identified the +2 ring mail of Mudwobuk {Regen+}
 15725 | Gauntlet | Got Neipt's Dissertation on Angles and the Body
 16204 | Lair:1   | Found a hazy altar of Hepliaklqana.
 17138 | Lair:2   | Noticed a skyshark
 17221 | Lair:2   | Reached ***** piety under Cheibriados
 17222 | Lair:2   | Reached XP level 13. HP: 86/90 MP: 20/20
 17226 | Lair:2   | Found a staircase to the Snake Pit.
 17487 | Lair:2   | Reached skill level 10 in Invocations
 18734 | Lair:3   | Reached skill level 10 in Unarmed Combat
 19262 | Lair:3   | Found a staircase to the Swamp.
 20337 | Lair:4   | HP: 4/90 [catoblepas (22)]
 20630 | Lair:4   | Reached skill level 10 in Shields
 20645 | Lair:4   | Reached XP level 14. HP: 52/97 MP: 13/22
 21278 | Lair:5   | Entered Level 5 of the Lair of Beasts
 21283 | Lair:5   | Found a staircase to the Slime Pits.
 21448 | D:12     | Killed Erolcha
 21910 | D:12     | Noticed Rupert
 22329 | D:13     | Reached ****** piety under Cheibriados
 22952 | D:13     | Found a runed translucent gate.
 22952 | D:13     | Found a runed translucent gate.
 22954 | D:13     | Found a runed translucent gate.
 22960 | D:13     | Noticed SkeletonJelly's ghost (journeyman DsRe)
 22960 | D:13     | Noticed pokeman's ghost (journeyman DEHW)
 23616 | D:14     | Noticed a brown very ugly thing
 23631 | D:14     | Killed a brown very ugly thing
 23792 | D:14     | Found a bloodstained altar of Trog.
 23846 | D:14     | Reached skill level 10 in Fighting
 24384 | D:14     | Reached XP level 15. HP: 85/105 MP: 24/24
 24995 | D:14     | Found a gate to the Vaults.
 25121 | D:14     | a red draconian changed into an emperor scorpion
 25121 | D:14     | Noticed an emperor scorpion (glowing shapeshifter)
 25123 | D:14     | an emperor scorpion changed into a dire elephant
 25125 | D:14     | a dire elephant changed into a fire giant
 25125 | D:14     | Noticed a fire giant (glowing shapeshifter)
 25128 | D:14     | a fire giant changed into an alligator snapping turtle
 25264 | D:15     | Entered Level 15 of the Dungeon
 25426 | D:15     | Noticed Azrael
 25443 | D:15     | Killed Azrael
 25838 | D:15     | Identified the +0 tower shield "Syel" {rC+ Will+}
 25838 | D:15     | Noticed Louise
 25931 | D:15     | Found a stormy altar of Qazlal.
 27180 | Lair:5   | Found a corrupted altar of Lugonu.
 27180 | Lair:5   | Found a one-way gate to the infinite horrors of the Abyss.
 27289 | Lair:5   | Identified the ring "Veut Pui" {rPois Will+ Dex+4}
 28195 | Orc:1    | Entered Level 1 of the Orcish Mines
 28592 | Orc:1    | Noticed an orc warlord
 28600 | Orc:1    | Reached XP level 16. HP: 84/116 MP: 20/25
 29172 | Orc:1    | Found Gosi's Weapon Shop.
 29348 | Orc:2    | Entered Level 2 of the Orcish Mines
 29581 | Orc:2    | Found Wiluy's Overcharged Wands.
 29639 | Orc:2    | Found a staircase to the Elven Halls.
 29810 | Orc:2    | Found Rutinwy's General Store.
 30232 | Orc:2    | Found Saegodd's Magic Scroll Boutique.
 30237 | Orc:2    | Found Jaheanel's Jewellery Emporium.
 30245 | Orc:2    | Found Uqafuatax's Antique Armour Emporium.
 30259 | Orc:2    | Found Fovan's Antique Weapon Boutique.
 30301 | Orc:2    | Bought the ring of the Establishment {rF+ EV+5 Str+5 Int-3}
                  | for 650 gold pieces
 30301 | Orc:2    | Bought the ring "Ifisy" {+Blink AC+4 Str+6 Dex-2} for 700
                  | gold pieces
 30811 | D:15     | Killed Louise
 30861 | D:15     | Found a staircase to the Depths.
 31451 | Snake:1  | Entered Level 1 of the Snake Pit
 31465 | Snake:1  | Noticed Kirke
 31473 | Snake:1  | Killed Kirke
 31493 | Snake:1  | Found Orhonkukk's Distillery.
 31498 | Snake:1  | Bought a potion of heal wounds for 65 gold pieces
 31498 | Snake:1  | Bought a potion of mutation for 104 gold pieces
 31504 | Snake:1  | Reached skill level 15 in Shields
 31548 | Snake:1  | Bought 2 potions of curing for 78 gold pieces
 32317 | Snake:1  | Found Onaqeiwk's Vocational Training.
 33472 | Elf:1    | Entered Level 1 of the Elven Halls
 33658 | Elf:1    | Reached XP level 17. HP: 124/124 MP: 26/26
 34234 | Elf:1    | Found Zuattouck's Magic Scroll Shoppe.
 35094 | Elf:2    | Reached skill level 10 in Evocations
 35297 | Elf:2    | Found Hefar's Tremendous Tomes.
 35350 | Elf:2    | Found a runed translucent gate.
 35350 | Elf:2    | Found a runed translucent gate.
 35350 | Elf:2    | Found a runed translucent gate.
 35586 | Elf:3    | Entered Level 3 of the Elven Halls
 36111 | Elf:3    | Learned a level 8 spell: Ignition
 36134 | Elf:3    | Reached skill level 1 in Fire Magic
 36209 | Elf:3    | Noticed Saint Roka
 36264 | Elf:3    | Killed Saint Roka
 36572 | Elf:3    | Identified a scroll of acquirement
 36596 | Elf:3    | Acquired 538 gold pieces
 36646 | Elf:3    | Reached skill level 5 in Fire Magic
 36892 | Elf:3    | Reached XP level 18. HP: 109/132 MP: 27/27
 36893 | Elf:3    | Noticed a Tzitzimitl
 36900 | Elf:3    | Identified the ring "Cimi Hym" {rCorr Int+4 Dex+6}
 37349 | Elf:3    | Identified the ring of the Seven People {Ice rElec SInv}
 37619 | Elf:3    | Identified the +10 scale mail "Nomiokyl" {Drain rElec rN++
                  | SInv}
 37619 | Elf:3    | Noticed a deep elf blademaster
 37632 | Elf:3    | Killed a deep elf blademaster
 37648 | Elf:3    | Noticed a deep elf master archer
 37652 | Elf:3    | Killed a deep elf master archer
 37802 | Elf:3    | Identified the +1 ring mail "Cini" {+Blink}
 37919 | Elf:3    | Identified the +6 great sword of the Rattlesnake {heavy,
                  | rC+ Str+3 Int+4 Dex-3}
 37922 | Elf:3    | Found the +3 pair of mountain boots {steadfast, rC+}
 37938 | Elf:3    | Acquired 807 gold pieces
 37941 | Elf:3    | Got the Treatise on the Incandescent Cure
 37950 | Elf:3    | Identified the staff of death "Arphimozi" {rPois rN+ rCorr}
 37953 | Elf:3    | Identified the +9 longbow "Sapoged" {heavy, rPois}
 37957 | Elf:3    | Identified the +3 crystal plate armour "Ceusem" {Stlth+}
 37971 | Elf:3    | Identified the +5 shortbow "Didotsoj" {drain, Str+3 SInv
                  | Stlth+}
 37988 | Elf:3    | Identified the staff of earth "Voloq" {Will+}
 38081 | Elf:3    | Reached skill level 10 in Fire Magic
 38440 | Snake:2  | Noticed Vashnia
 38596 | Snake:2  | Found a frozen archway.
 38605 | IceCv    | Entered an ice cave
 39071 | IceCv    | Found an ancient bone altar of Kikubaaqudgha.
 39334 | IceCv    | Noticed a lich
 39339 | IceCv    | Killed a lich
 39449 | IceCv    | Identified the ring "Wuarhul" {rN+ Dex+8 Slay-2 SInv}
 40062 | Snake:2  | Found a transporter.
 40141 | Snake:2  | Killed Vashnia
 40142 | Snake:2  | Reached XP level 19. HP: 56/137 MP: 28/28
 40433 | Snake:2  | Found a transporter.
 40438 | Snake:2  | Identified the +1 flail "Letwil" {drain, Str+4}
 40927 | Snake:2  | Found Lyagg's Book Shop.
 40931 | Snake:2  | Found Bouzuyc's Armour Boutique.
 40932 | Snake:2  | Found Jomm's Book Shop.
 40935 | Snake:2  | Bought a book of Sloth for 612 gold pieces
 40935 | Snake:2  | Bought a book of Annihilations for 1020 gold pieces
 41146 | Snake:2  | Learned a level 6 spell: Statue Form
 41211 | Snake:3  | Reached skill level 1 in Transmutations
 41211 | Snake:3  | Reached skill level 1 in Earth Magic
 41686 | Snake:3  | Noticed Aizul
 41709 | Snake:3  | Killed Aizul
 42181 | Snake:3  | Found Witorph's General Store.
 42195 | Snake:3  | Found Juyxa's Book Emporium.
 42520 | Snake:4  | Entered Level 4 of the Snake Pit
 42677 | Snake:4  | Found a bloodstained altar of Trog.
 42702 | Snake:4  | Noticed Donald
 42716 | Snake:4  | Killed Donald
 43816 | Snake:4  | Noticed Asterion
 43828 | Snake:4  | Killed Asterion
 43965 | Snake:4  | Found Ceck's Assorted Antiques.
 43979 | Snake:4  | Found Zenynydo's Jewellery Shoppe.
 44064 | Snake:4  | Bought a scroll of teleportation for 81 gold pieces
 44064 | Snake:4  | Bought a potion of attraction for 81 gold pieces
 44064 | Snake:4  | Bought a potion of curing for 81 gold pieces
 44069 | Snake:4  | Found Mezuck's CLEARANCE SALE!.
 44097 | Snake:4  | Found Agilyd's Armour Emporium.
 44363 | Snake:4  | Reached skill level 5 in Earth Magic
 44365 | Snake:4  | Reached skill level 5 in Transmutations
 44397 | Snake:4  | Reached XP level 20. HP: 106/144 MP: 30/30
 44861 | Snake:4  | Got a serpentine rune of Zot
 45095 | Swamp:1  | Entered Level 1 of the Swamp
 46175 | Swamp:2  | Identified the +3 plate armour "Nyzadedi" {rElec Str+3}
 46648 | Swamp:3  | Found a transporter.
 46652 | Swamp:3  | Noticed Vioczuc's ghost (adept TrCK)
 47000 | Swamp:3  | Found a transporter.
 47220 | Swamp:3  | Reached skill level 15 in Fighting
 47237 | Swamp:3  | Killed Vioczuc's ghost
 47507 | Swamp:4  | Entered Level 4 of the Swamp
 47527 | Swamp:4  | Reached skill level 15 in Fire Magic
 48248 | Swamp:4  | Found a large runed translucent door.
 48248 | Swamp:4  | Found a large runed translucent door.
 48390 | Swamp:4  | Got a decaying rune of Zot
 48475 | Swamp:4  | Noticed Tiex's ghost (adept TrFi)
 48663 | Swamp:4  | Killed Tiex's ghost
 48930 | Vaults:1 | Entered Level 1 of the Vaults
 49115 | Vaults:1 | Reached XP level 21. HP: 80/151 MP: 33/33
 50513 | Vaults:2 | You fall into a shaft and drop 1 floor!
 51289 | Vaults:2 | Identified the +2 scimitar "Taic" {heavy, *Slow rCorr
                  | Str+3}
 51439 | Vaults:2 | Identified the +3 scimitar of Disaster {heavy, rElec rF-
                  | Will+++ rCorr}
 51876 | Vaults:2 | Noticed a bone dragon
 51882 | Vaults:2 | Killed a bone dragon
 51895 | Vaults:2 | Found a staircase to the Crypt.
 52279 | Vaults:2 | Reached skill level 10 in Transmutations
 52279 | Vaults:2 | Reached XP level 22. HP: 157/157 MP: 32/34
 52281 | Vaults:2 | Reached skill level 10 in Earth Magic
 52478 | Vaults:2 | Found a transporter.
 52478 | Vaults:2 | Found Yku Etow's Magic Scroll Emporium.
 52499 | Vaults:2 | Found a transporter.
 53728 | Vaults:4 | Found Daeson Piwn's Antique Armour Shoppe.
 54022 | Vaults:4 | Noticed an ancient lich
 54314 | Vaults:4 | Killed an ancient lich
 55170 | Vaults:2 | Bought a scroll of teleportation for 33 gold pieces
 55170 | Vaults:2 | Bought a scroll of teleportation for 33 gold pieces
 55170 | Vaults:2 | Bought a scroll of teleportation for 33 gold pieces
 55258 | Vaults:5 | Entered Level 5 of the Vaults
 55262 | Vaults:5 | Reached XP level 23. HP: 150/162 MP: 11/36
 55393 | Vaults:5 | Noticed an ancient lich
 55405 | Vaults:5 | Killed an ancient lich
 55417 | Vaults:5 | Noticed a dread lich
 55418 | Vaults:5 | Found the +3 pair of gauntlets of War {Slay+5}
 55426 | Vaults:5 | Reached skill level 10 in Spellcasting
 55762 | Vaults:5 | Found the brooch of Shielding {Spirit SH+8}
 55808 | Vaults:5 | Identified the +6 quarterstaff "Huho Imu" {freeze, MP+9
                  | Str+4 Dex+5}
 55845 | Vaults:5 | Got the Handbook of Pyromania
 55850 | Vaults:5 | Got a silver rune of Zot
 55852 | Vaults:5 | Got the Elucidation of the Door and the Fairies
 56317 | Vaults:5 | Identified the +5 sling "Wutt" {elec, rC+}
 56333 | Vaults:5 | Found Zirghiq's Magic Scroll Boutique.
 56358 | Vaults:5 | Bought a scroll of immolation for 80 gold pieces
 56391 | Vaults:5 | Killed a dread lich
 57080 | Vaults:5 | Got the Secrets of the Lumpy Blessings
 57507 | Vaults:5 | Reached XP level 24. HP: 169/169 MP: 37/37
 57868 | Elf:1    | Bought a scroll of teleportation for 42 gold pieces
 57868 | Elf:1    | Bought a scroll of teleportation for 42 gold pieces
 57868 | Elf:1    | Bought 2 scrolls of teleportation for 84 gold pieces
 58178 | Snake:1  | Bought a manual of Evocations for 1280 gold pieces
 58178 | Snake:1  | Bought a manual of Invocations for 1280 gold pieces
 58518 | Depths:1 | Entered Level 1 of the Depths
 58880 | Depths:1 | Paralysed by a floating eye for 4 turns
 58905 | Depths:1 | Noticed Bai Suzhen
 58920 | Depths:1 | Killed Bai Suzhen
 58988 | Depths:1 | Found a runed translucent gate.
 58988 | Depths:1 | Found a runed translucent gate.
 58988 | Depths:1 | Found a runed translucent gate.
 59020 | Depths:1 | Reached skill level 10 in Dodging
 59021 | Depths:1 | Found a runed translucent gate.
 59021 | Depths:1 | Found a runed translucent gate.
 59284 | Depths:1 | Found a runed translucent gate.
 59285 | Depths:1 | Noticed Tourr's ghost (veteran HuIE)
 59533 | Depths:1 | Found a radiant altar of Vehumet.
 59599 | Depths:1 | Killed the Enchantress
 59601 | Depths:1 | Found the +1 faerie dragon scales {Rampage rF- rCorr HP+10
                  | Dex-2 Stlth+}
 59783 | Depths:1 | Found a gateway to Hell.
 59849 | Depths:1 | Found a transporter.
 60194 | Depths:1 | Killed Tourr's ghost
 60256 | Depths:1 | Identified the +0 hat "Onnucsuv" {Fly rF- rN+ SInv}
 60334 | Depths:2 | Reached skill level 15 in Unarmed Combat
 60567 | Depths:2 | Found a shadowy altar of Dithmenos.
 60587 | Depths:2 | Found a transporter.
 60596 | Depths:2 | Found a transporter.
 60991 | Depths:2 | Found a one-way gate leading to the halls of Pandemonium.
 61027 | Depths:2 | Identified the ring of Uleunov {Ice Dex+4 Stlth+}
 61027 | Depths:2 | Noticed Josephina
 61035 | Depths:2 | Killed Josephina
 61222 | Depths:2 | Found a viscous altar of Jiyva.
 61309 | Depths:2 | Identified the ring "Bosycat" {*Slow +Blink Will+ rCorr
                  | Str+2}
 61337 | Depths:2 | Found Kamac's Distillery.
 61363 | Depths:2 | Reached XP level 25. HP: 175/175 MP: 35/37
 61434 | Depths:2 | Bought a potion of heal wounds for 95 gold pieces
 61434 | Depths:2 | Bought a potion of curing for 57 gold pieces
 61434 | Depths:2 | Bought 2 potions of curing for 114 gold pieces
 61434 | Depths:2 | Bought a potion of curing for 57 gold pieces
 61434 | Depths:2 | Bought a potion of attraction for 57 gold pieces
 61434 | Depths:2 | Bought a potion of brilliance for 76 gold pieces
 61824 | Depths:3 | Found Gozag's Assorted Antiques.
 61835 | Depths:3 | Found an opulent altar of Gozag.
 61843 | Depths:3 | Reached skill level 15 in Invocations
 62011 | Depths:3 | Found Gozag's Assorted Antiques.
 62035 | Depths:3 | Found Gozag's Assorted Antiques.
 62173 | Depths:3 | Bought a smoky sapphire potion for 90 gold pieces
 62295 | Depths:3 | Learned a level 2 spell: Passwall
 62368 | Depths:3 | Found a sparkling altar of Nemelex Xobeh.
 62838 | Depths:4 | Entered Level 4 of the Depths
 63222 | Depths:4 | Found a hide-covered altar of Uskayaw.
 63431 | Depths:4 | Found a one-way gateway to a ziggurat.
 63558 | Depths:4 | Found a gate to the Realm of Zot.
 64456 | Depths:4 | Learned a level 9 spell: Shatter
 64527 | Zig:1    | Entered Level 1 of a ziggurat
 64542 | Zig:2    | Entered Level 2 of a ziggurat
 64588 | Zig:3    | Entered Level 3 of a ziggurat
 64644 | Zig:4    | Entered Level 4 of a ziggurat
 64745 | Zig:5    | Entered Level 5 of a ziggurat
 64832 | Zig:5    | Got the Volume of the Fluctuating Dose
 64841 | Zig:6    | Entered Level 6 of a ziggurat
 64847 | Zig:6    | Noticed a royal mummy
 64847 | Zig:6    | Noticed a royal mummy
 64853 | Zig:6    | Killed a royal mummy
 64855 | Zig:6    | Killed a royal mummy
 64855 | Zig:6    | Killed by a royal mummy's death curse

Illustrated notes

Levels and vault maps discovered:
D:1:      noname_arrival_rooms_in_the_neighbourhood, layout_basic
D:2:      layout_basic, shapermc_ecumenical_altar_starsandcircs,
          nicolae_concentric_dashed_squares_wild, minmay_pentomino_w2
D:3:      layout_rooms, okawaru_metal_pillars_1_2,
          mainiacjoe_overflow_small_starburst, st_stairs_10,
          minmay_misc_feat_rows, minmay_fountain_box
D:4:      layout_basic, serial_shops, nicolae_diamond_shop, grunt_tough_drop,
          uniq_crazy_yiuf_cottage, uniq_natasha
D:5:      layout_loops_ring, amcnicky_altar_gilded, chequers_ossuary_entry_cave,
          uniq_duvessa, uniq_grinder, uniq_prince_ribbit1
D:6:      hellmonk_ruined_rings, layout_rooms, minmay_temple_entry_large_hall,
          kennysheep_small_square, uniq_pikel, uniq_menkaure
D:7:      layout_basic, lemuel_coloured_pillars_altar,
          mainiacjoe_overflow_alcove_4, gammafunk_ghost_stat_death
D:8:      layout_loops_corners, kennysheep_mini,
          amethyst_overflow_temple_binary, dpeg_oklobed_lair, serial_shops,
          shop, shop, nicolae_shop_waterfront, uniq_joseph
D:9:      layout_roguey
D:10:     layout_irregular_city, worldfamousw_hep_ancestral_shrine,
          enter_bailey_2, uniq_nergalle
D:11:     layout_loops_ring, erik_orc_2, uniq_maurice
D:12:     layout_gridville, uniq_erolcha, uniq_rupert
D:13:     layout_rooms, gammafunk_ghost_cemetery
D:14:     minmay_diamond_stairs, layout_loops_ring,
          grunt_vaults_entry_fortified, minivault_25, abandoned_shop,
          trog_hazing_becter
D:15:     hangedman_depths_entry_civil_slaughter, layout_basic,
          nicolae_qazlal_general_emergency, uniq_azrael, uniq_louise
Temple:   cyrus_circular_temple
Lair:1:   layout_regular_city, gauntlet_entry_generic, serial_bayou_lagoon_a,
          lemuel_oklob_altar
Lair:2:   layout_regular_city, nicolae_snake_entry_squirm, enter_volcano_4
Lair:3:   layout_layer_cave, minmay_swamp_entry_eels, grunt_megastairs_4,
          infiniplex_staircase_pool
Lair:4:   layout_gridlike, dpeg_oklob_1
Lair:5:   hellmonk_lair_end_abyssal_woods, layout_hall_layers, slime_entry_1
Swamp:1:  layout_falls_marsh, nicolae_swamp_feature_on_the_river_bank
Swamp:2:  layout_basic_swamp, hangedman_swamp_blocks
Swamp:3:  layout_falls_marsh, gammafunk_ghost_mausoleum,
          evilmike_swamp_ruin_house_1
Swamp:4:  swamp_alternative, layout_basic_swamp, ebering_ghost_disaster_area
Snake:1:  layout_layer_cave, serial_shops, nicolae_shop_pleasant_corner_grove,
          nicolae_shop_vocational, uniq_kirke
Snake:2:  gammafunk_sealed_arena, layout_cave_shapes,
          portal_ice_cave_entry_pillars_2, nicolae_snake_gridmaze_squiggle,
          minmay_shop_star, uniq_vashnia
Snake:3:  layout_cave_town, lemuel_fruit_tree, serial_bayou_shore_a,
          minmay_shoptagon, uniq_aizul
Snake:4:  snake_pit, layout_basic, serial_shops, nicolae_shop_trees, shop, shop,
          basic_altar, drop_trap, grunt_ministairs_9, nicolae_shop_clearance,
          serial_bayou_shore_b, grunt_megastairs_3, uniq_asterion, uniq_donald
Orc:1:    layout_caves, serial_shops, nicolae_shop_behind_doors,
          minmay_orc_treasury
Orc:2:    st_orc_elflike, layout_diamond_mine, serial_shops, shop,
          nicolae_shop_overcharged_wands
Elf:1:    layout_loops_corners, serial_shops, nicolae_take_the_stairs,
          hangedman_elf_represent
Elf:2:    nicolae_elf_blades_splatter_lattice
          [nicolae_blade_entry_floor_patterns], layout_geoelf_octagon,
          nicolae_shop_i_like_big_books
Elf:3:    minmay_elf_hall_curves, layout_geoelf_castle, special_room
          [special_room_orc], serial_glass, glass_columns_c, glass_columns_a,
          glass_columns_a, glass_columns_b, glass_columns_c, glass_columns_a,
          glass_columns_a, glass_columns_a, uniq_saint_roka
Vaults:1: nicolae_vaults_closet_pinwheel_4, nicolae_vaults_cochlea,
          vaults_dpeg_encased_lava, nicolae_vaults_tetromino_L_1,
          nicolae_vaults_halls_meeting, hangedman_vaults_river_flow,
          nicolae_vaults_storage_closets_3, nicolae_vaults_little_squares_3,
          layout_vaults_quadrants
Vaults:2: st_greater_box_2, minmay_crypt_entry_nasty_monster,
          nicolae_vaults_wine_cellar, v_misc_13,
          nicolae_vaults_trapezoid_lopsided_1, nicolae_vaults_ring_of_whatevers,
          nicolae_vaults_heart-shaped_vault, nicolae_vaults_weapon_check,
          nicolae_vaults_tetromino_L_2, nicolae_vaults_rhombus_6,
          vaults_standard_mumra_x, vaults_dpeg_emergency_exit,
          dpeg_vaults_monster_box, nicolae_vaults_border_crossing,
          layout_vaults_big_room, serial_shops, nicolae_shop_drivethru
Vaults:3: serial_ice_b, nicolae_vaults_security_offices_4, v_misc_29,
          vaults_dpeg_diagonal, nicolae_vaults_alarming, v_alt_pattern_6,
          ontoclasm_vaults_ring_large, grunt_vaults_diagonal,
          nicolae_vaults_two_Ls, v_misc_17, vaults_standard_mumra_lines,
          layout_vaults_big_cross
Vaults:4: nicolae_vaults_quadrants, nicolae_vaults_trapezoid_lopsided_4,
          nicolae_vaults_windows_and_doors_thing, nicolae_vaults_sightless_eye,
          vaults_mumra_chevron, grunt_vaults_funnel, v_misc_18, v_alt_pattern_2,
          vaults_dpeg_hooks, hangedman_vaults_nails,
          nicolae_vaults_circle_grid_b, ontoclasm_vaults_twist,
          nicolae_vaults_specimen_jars, vaults_room_semicircle,
          vaults_room_pool, nicolae_vaults_tetromino_T_1,
          nicolae_vaults_rhombus_5, layout_vaults_ring, serial_shops,
          nicolae_shop_stone
Vaults:5: serial_shops
Depths:1: minmay_open_boxes_in_corner, layout_gridlike, hell_entry,
          ploomutoo_gammafunk_ghost_potion_laboratory, nicolae_vehumet_radiance,
          nicolae_diode_basic, firewood_loft, uniq_enchantress, uniq_bai_suzhen
Depths:2: gammafunk_jiyva_shrine, layout_twisted_cross, hell_entry,
          serial_shops, shop, dk_noncrumbling_2, rand_demon_pan_entry_3,
          nicolae_dithmenos_shadow_blocks, uniq_josephina
Depths:3: kennysheep_gozag_temple, layout_basic, abyss_entry,
          pf_vacation_house_of_asmodeus, nemelex_diamond_rough_becter
Depths:4: grunt_zot_entry_funnels, layout_gridlike, enter_ziggurat_a,
          grunt_hell_entry_dis_grunt, nicolae_uskayaw_en_pointe,
          grunt_ministairs_4, grunt_decor_junction, nicolae_figureground_pulse,
          serial_bayou_shore_b
Zig:6

Skill      XL: |  1  2  3  4  5  6  7  8  9 10 11 12 13 14 15 16 17 18 19 20 21 22 23 24 25 |
---------------+----------------------------------------------------------------------------+-----
Unarmed Combat | 3 4 6 7 8 10 11 13 14 15 | 15.9
Stealth        | 2 4 5 8 |  8.1
Throwing       | 2 |  2.0
Dodging        | 4 5 6 8 9 10 11 | 11.8
Fighting       | 4 5 7 8 9 10 12 13 14 15 16 | 16.3
Translocations | 4 6 |  6.1
Spellcasting   | 3 5 7 8 9 10 11 | 11.7
Invocations    | 1 4 6 9 11 13 14 16 | 16.3
Evocations     | 1 4 6 9 10 12 14 | 14.3
Shields        | 3 8 10 12 14 15 16 17 18 19 | 19.0
Fire Magic     | 6 13 14 15 16 17 18 19 | 19.0
Transmutations | 5 7 10 11 13 | 13.0
Earth Magic    | 5 7 9 11 13 14 | 14.4

Action                     |  1- 3 |  4- 6 |  7- 9 | 10-12 | 13-15 | 16-18 | 19-21 | 22-24 | 25-27 || total
---------------------------+-------+-------+-------+-------+-------+-------+-------+-------+-------++-------
  Melee: Unarmed           |    90 |    58 |   263 |   519 |   919 |   971 |  1266 |   838 |   318 ||  5242
         Constrict         |    22 |    12 |    60 |    98 |   114 |   174 |   142 |   115 |    40 ||   777
         Tentacles         |    23 |    17 |    61 |   146 |   295 |   301 |   447 |   323 |   125 ||  1738
         Punch             |     1 |     5 |    23 |    44 |    99 |   117 |   180 |   153 |    57 ||   679
  Throw: Dart              |     4 |    13 |    34 |    90 |    37 |    10 |       |       |       ||   188
         Throwing net      |       |       |       |     1 |       |       |       |       |       ||     1
         Boomerang         |       |       |       |       |       |    26 |       |       |       ||    26
   Cast: Blink             |       |       |     2 |    18 |     9 |     5 |    10 |     8 |     2 ||    54
         Gell's Gravitas   |       |       |       |    17 |     4 |     1 |       |       |       ||    22
         Statue Form       |       |       |       |       |       |       |    12 |    38 |    21 ||    71
         Ignition          |       |       |       |       |       |       |       |    19 |    17 ||    36
 Invoke: Slouch            |       |       |       |     2 |     8 |     8 |     6 |     3 |       ||    27
         Temporal Distorti |       |       |       |       |       |     3 |       |     1 |       ||     4
         Step From Time    |       |       |       |       |       |     1 |       |     2 |       ||     3
  Evoke: Wand              |       |       |     3 |    20 |    27 |     7 |     5 |     2 |     1 ||    65
         Condenser vane    |       |       |       |     2 |     1 |     2 |     1 |     1 |       ||     7
         Lightning rod     |       |       |       |       |       |     8 |       |       |       ||     8
         Phial of floods   |       |       |       |       |       |     1 |     1 |       |       ||     2
    Use: Scroll            |     3 |     4 |    12 |     8 |     9 |     9 |     5 |     4 |     1 ||    55
         Potion            |       |       |     1 |     9 |     1 |     2 |     1 |     8 |       ||    22
   Stab: Sleeping          |     7 |     2 |    13 |    12 |    19 |    26 |    26 |    22 |     6 ||   133
         Distracted        |       |       |     1 |     2 |     4 |    13 |     5 |     3 |     1 ||    29
         Held in net/web   |       |       |       |     1 |       |       |       |       |       ||     1
         Invisible         |       |       |       |     1 |       |       |       |       |       ||     1
         Confused          |       |       |       |       |     1 |       |       |       |       ||     1
         Petrified         |       |       |       |       |       |       |     2 |       |       ||     2
 Armour: Skin              |    11 |     1 |    10 |   114 |   164 |    76 |   249 |   276 |    92 ||   993
  Dodge: Dodged            |    67 |    29 |   133 |   338 |   536 |   479 |  1021 |   822 |   320 ||  3745
  Block: Kite shield       |       |       |       |    69 |   835 |  1058 |  1818 |  1347 |   529 ||  5656
         Reflection        |       |       |       |       |     3 |   148 |   113 |    53 |    10 ||   327

Table legend: (Time is in decaauts)
 A = Elapsed time spent in this place.
 B = Non-inter-level travel time spent in this place.
 C = Inter-level travel time spent in this place.
 D = Time resting spent in this place.
 E = Time spent auto-exploring this place.
 F = Levels seen in this place.
 G = Mean time per level.
                   A        B        C        D        E       F      G
               +--------+--------+--------+--------+--------+-----+--------+
         Total |  93913 |  84932 |   8981 |    964 |  67643 |  53 | 1771.9 |
       Dungeon |  25411 |  22069 |   3342 |    395 |  17931 |  15 | 1694.1 |
        Temple |     77 |     64 |     13 |      0 |     60 |   1 |   77.0 |
          Lair |  12290 |  10809 |   1481 |    236 |   8572 |   5 | 2458.0 |
         Swamp |   5258 |   4994 |    264 |    194 |   3931 |   4 | 1314.5 |
     Snake Pit |  11344 |  10347 |    997 |      0 |   8381 |   4 | 2836.0 |
  Orcish Mines |   4052 |   3282 |    770 |      0 |   2611 |   2 | 2026.0 |
   Elven Halls |   7533 |   6693 |    840 |     57 |   5174 |   3 | 2511.0 |
        Vaults |  14186 |  13353 |    833 |     39 |  10698 |   5 | 2837.2 |
        Depths |  10118 |   9682 |    436 |      0 |   8035 |   4 | 2529.5 |
      Ziggurat |    456 |    456 |      0 |      0 |    265 |   6 |   76.0 |
       Ossuary |    314 |    314 |      0 |     42 |    106 |   1 |  314.0 |
        Bailey |    635 |    635 |      0 |      0 |    442 |   1 |  635.0 |
      Ice Cave |   1240 |   1240 |      0 |      0 |    782 |   1 | 1240.0 |
      Gauntlet |    993 |    993 |      0 |      0 |    653 |   1 |  993.0 |
               +--------+--------+--------+--------+--------+-----+--------+

Top non-repeatable levels by time:
Vaults:5: 3513 daAuts
  Lair:3: 3464 daAuts
 Snake:1: 3439 daAuts
Vaults:2: 3231 daAuts
Depths:1: 3184 daAuts
   Elf:3: 3162 daAuts
    D:14: 3055 daAuts
 Snake:4: 3005 daAuts
    D:11: 2961 daAuts
Depths:4: 2897 daAuts
 Snake:2: 2721 daAuts
  Lair:5: 2711 daAuts
    D:15: 2686 daAuts
Vaults:1: 2677 daAuts
    D:10: 2661 daAuts
